Map: [ESL] Royal Blood

Players

ShaDoWn - Winner!

  • Race: Protoss Protoss
  • Spawn Location: 7:00

PtitDrogo

  • Race: Protoss Protoss
  • Spawn Location: 1:00

Event: ESL SC2 Masters 2023 Summer (Regionals)

VOD

Have the link to the VOD?

Description

Time

  • Played on: May 9, 2023, 11:12 a.m.
  • Length: 17:35

All games in this series

Show
View Real Time Build Order
Export as new Build Order

ShaDoWn Protoss - Winner!

Build Orders: Oracle Opening 

Get SALT Encoding   

  12  0:00  Probe  
  13  0:12  Probe  
  14  0:17  Pylon  
  14  0:24  Probe  
  15  0:35  Gateway  
  15  0:37  Probe (Chrono Boost)  
  16  0:46  Probe (Chrono Boost), Assimilator  
  17  0:51  Probe (Chrono Boost)  
  17  0:54  Assimilator  
  18  1:03  Probe (Chrono Boost)  
  19  1:09  Gateway  
  19  1:13  Probe (Chrono Boost)  
  19  1:18  Probe (Chrono Boost)  
  20  1:24  Cybernetics Core  
  21  1:29  Probe  
  22  1:35  Pylon  
  22  1:41  Probe  
  24  2:00  Stargate  
  23  2:01  Adept x2  
  23  2:05  Probe  
  28  2:08  Warp Gate (Chrono Boost)  
  28  2:36  Nexus  
  27  2:41  Oracle (Chrono Boost)  
  30  2:52  Pylon  
  30  3:07  Shield Battery  
  30  3:10  Stalker  
  31  3:18  Robotics Facility  
  28  3:22  Probe  
  29  3:33  Twilight Council  
  29  3:34  Probe  
  29  3:36  Pylon  
  30  3:47  Probe  
  32  3:55  Stalker x2  
  36  3:58  Probe  
  36  3:59  Probe  
  37  4:05  Blink (Chrono Boost)  
  37  4:10  Probe  
  37  4:13  Probe  
  39  4:21  Stalker  
  39  4:23  Probe  
  42  4:26  Probe  
  44  4:38  Probe, Stalker  
  44  4:40  Probe  
  47  4:50  Probe  
  47  4:52  Probe  
  47  4:55  Stalker  
  49  5:02  Probe, Gateway  
  49  5:04  Probe  
  51  5:07  Stalker  
  53  5:14  Probe  
  53  5:17  Probe  
  55  5:27  Probe  
  55  5:28  Nexus  
  56  5:29  Probe  
  56  5:34  Pylon  
  57  5:39  Probe  
  57  5:40  Stalker  
  60  5:42  Stalker  
  60  5:47  Shield Battery  
  62  5:52  Shield Battery  
  62  5:55  Probe  
  62  5:56  Pylon  
  63  6:00  Probe  
  64  6:05  Assimilator  
  64  6:07  Probe  
  65  6:12  Probe  
  65  6:15  Stalker x2, Sentry  
  72  6:19  Probe  
  72  6:24  Pylon  
  73  6:30  Probe  
  73  6:32  Probe  
  75  6:34  Robotics Facility  
  75  6:40  Stalker x3  
  75  6:43  Probe x2 (Chrono Boost), Shield Battery  
  75  6:46  Probe (Chrono Boost)  
  86  6:55  Probe x2 (Chrono Boost)  
  86  6:57  Probe (Chrono Boost)  
  86  7:00  Forge  
  86  7:01  Probe x2 (Chrono Boost)  
  87  7:02  Probe (Chrono Boost)  
  90  7:09  Probe  
  90  7:10  Probe  
  90  7:11  Stalker x3  
  90  7:12  Probe  
  90  7:13  Pylon  
  99  7:17  Assimilator  
  99  7:20  Forge  
  99  7:27  Protoss Ground Weapons Level 1 (Chrono Boost)  
  99  7:31  Probe  
  99  7:35  Pylon  
  99  7:36  Pylon  
  100  7:41  Observer  
  101  7:45  Gateway  
  101  7:46  Protoss Ground Armor Level 1 (Chrono Boost)  
  101  7:48  Nexus  
  101  7:50  Gateway  
  101  7:51  Pylon  
  101  7:59  Stalker x2  
  101  8:00  Stalker  
  101  8:04  Probe x2  
  109  8:09  Probe  
  110  8:13  Shield Battery  
  110  8:15  Immortal  
  110  8:16  Probe x2  
  116  8:22  Probe  
  116  8:26  Pylon, Stalker x2  
  116  8:27  Stalker  
  123  8:28  Probe x2  
  123  8:32  Photon Cannon  
  125  8:43  Gateway  
  125  8:44  Probe x2  
  125  8:45  Probe, Gateway  
  128  8:50  Stalker x2  
  128  8:54  Observer  
  133  8:59  Probe  
  133  9:01  Probe  
  133  9:02  Probe  
  136  9:05  Assimilator  
  136  9:06  Probe  
  136  9:07  Dark Shrine, Assimilator  
  137  9:11  Probe, Protoss Ground Weapons Level 2 (Chrono Boost), Stalker x3  
  137  9:13  Probe  
  137  9:16  Charge  
  145  9:22  Observer  
  143  9:24  Photon Cannon  
  143  9:26  Stalker x2  
  143  9:27  Protoss Ground Armor Level 2 (Chrono Boost)  
  147  9:38  Observer  
  147  9:40  Observer  
  148  9:46  Nexus  
  148  9:48  Pylon  
  148  9:49  Pylon  
  148  9:50  Pylon  
  147  10:06  Pylon  
  147  10:09  Zealot x4, Stalker x3  
  147  10:10  Gateway  
  147  10:11  Gateway  
  147  10:13  Gateway  
  161  10:19  Probe  
  162  10:25  Probe  
  164  10:28  Probe  
  164  10:34  Stalker x7  
  178  10:36  Probe  
  178  10:40  Probe  
  180  10:48  Pylon  
  178  10:50  Probe, Pylon  
  178  10:51  Pylon  
  178  10:53  Probe  
  161  10:57  Zealot x4, Dark Templar x3  
  161  11:00  Probe  
  141  11:06  Probe x2  
  141  11:07  Probe  
  128  11:13  Probe, Stalker x3  
  135  11:18  Probe x2  
  135  11:20  Protoss Ground Weapons Level 3 (Chrono Boost)  
  135  11:24  Stalker x4  
  135  11:25  Probe x2  
  146  11:29  Photon Cannon  
  146  11:30  Probe x2  
  148  11:36  Shadow Stride (Chrono Boost)  
  148  11:37  Probe x2  
  150  11:43  Probe  
  150  11:44  Nexus  
  145  11:48  Stalker x3  
  145  11:49  Stalker x2  
  145  11:52  Stalker x2  
  155  11:56  Stalker  
  155  11:57  Archon  
  157  12:02  Stalker  
  157  12:05  Pylon  
  157  12:06  Pylon  
  159  12:10  Zealot  
  159  12:13  Zealot x5  
  171  12:16  Observer (Chrono Boost)  
  171  12:20  Stalker x3  
  177  12:26  Stalker  
  177  12:35  Zealot x4  
  177  12:36  Zealot x2, Photon Cannon  
  181  12:42  Observer  
  181  12:43  Stalker x2  
  183  12:48  Pylon, Gateway  
  183  12:49  Gateway  
  183  12:54  Probe x3  
  183  12:57  Stalker x2  
  190  13:00  Stalker  
  192  13:08  Stalker x4  
  196  13:15  Zealot x3  
  196  13:17  Probe  
  187  13:21  Probe  
  187  13:26  Stalker  
  178  13:28  Probe  
  178  13:30  Stalker x2  
  175  13:40  Stalker x6  
  185  13:44  Stalker  
  187  13:50  Stalker x3  
  187  13:54  Shield Battery  
  184  14:10  Dark Templar, Observer (Chrono Boost)  
  184  14:11  Zealot x7  
  195  14:22  Stalker  
  195  14:23  Stalker  
  195  14:37  Pylon  
  195  14:46  Pylon  
  195  14:47  Pylon  
  195  14:49  Pylon  
  195  14:52  Nexus  
  195  14:55  Pylon  
  195  14:58  Pylon  
  195  15:03  Pylon  
  195  15:05  Observer  
  176  15:23  Stalker x3  
  176  15:24  Stalker x7  
  176  15:28  Protoss Shields Level 1  
  180  15:33  Probe  
  180  15:34  Observer (Chrono Boost)  
  169  15:36  Observer  
  167  15:45  Photon Cannon  
  159  15:54  Stalker x5  
  159  15:55  Stalker x3  
  174  16:06  Dark Templar x2  
  174  16:10  Gateway  
  176  16:12  Gateway  
  162  16:22  Stalker x6  
  168  16:27  Stalker  
  167  16:34  Observer (Chrono Boost)  
  155  16:50  Pylon  
  139  16:58  Nexus  
  137  17:07  Stalker x3  
  137  17:08  Stalker x4  
  151  17:27  Pylon  
  151  17:32  Zealot x2  
Show
View Real Time Build Order
Export as new Build Order

PtitDrogo Protoss 

Build Orders: Oracle Opening 

Get SALT Encoding   

  12  0:00  Probe  
  13  0:12  Probe  
  14  0:17  Pylon  
  14  0:24  Probe (Chrono Boost)  
  15  0:36  Probe (Chrono Boost), Gateway  
  16  0:44  Probe (Chrono Boost)  
  16  0:46  Assimilator  
  17  0:51  Probe  
  17  0:54  Assimilator  
  18  1:03  Probe (Chrono Boost)  
  19  1:10  Gateway  
  20  1:12  Probe (Chrono Boost)  
  20  1:17  Probe (Chrono Boost)  
  20  1:23  Cybernetics Core  
  21  1:29  Probe  
  22  1:34  Pylon  
  22  1:41  Probe  
  23  1:53  Probe  
  24  1:59  Adept, Stalker  
  24  2:00  Warp Gate  
  28  2:06  Probe  
  29  2:08  Pylon  
  29  2:22  Stargate  
  29  2:23  Probe  
  30  2:34  Stalker  
  32  2:38  Stalker  
  32  2:41  Probe  
  35  2:58  Shield Battery  
  35  3:09  Oracle (Chrono Boost)  
  36  3:16  Probe  
  37  3:28  Nexus  
  37  3:33  Probe  
  38  3:46  Pylon, Twilight Council  
  38  3:48  Probe  
  39  4:04  Probe  
  40  4:10  Phoenix  
  40  4:16  Probe  
  43  4:19  Blink (Chrono Boost), Pylon  
  43  4:28  Probe  
  42  4:40  Probe (Chrono Boost)  
  42  4:41  Probe (Chrono Boost)  
  42  4:45  Stalker  
  46  4:50  Probe x2 (Chrono Boost)  
  48  4:54  Stalker  
  48  4:55  Probe x2 (Chrono Boost)  
  52  5:04  Gateway  
  52  5:07  Probe x2  
  53  5:08  Stalker  
  56  5:18  Stalker  
  56  5:19  Probe x2  
  60  5:31  Probe  
  60  5:32  Probe  
  62  5:38  Pylon  
  62  5:41  Stalker x2  
  66  5:43  Probe  
  66  5:48  Nexus  
  67  5:50  Probe  
  67  5:52  Robotics Facility  
  67  5:55  Probe  
  67  6:05  Stalker x3  
  67  6:06  Probe  
  74  6:12  Assimilator  
  74  6:13  Pylon  
  74  6:16  Probe  
  75  6:20  Forge  
  75  6:28  Pylon  
  75  6:29  Probe  
  75  6:31  Pylon  
  76  6:33  Stalker x2  
  76  6:35  Probe (Chrono Boost)  
  81  6:41  Probe (Chrono Boost)  
  81  6:45  Observer  
  81  6:47  Probe (Chrono Boost)  
  84  6:49  Stalker  
  84  6:50  Probe (Chrono Boost)  
  84  6:52  Probe (Chrono Boost)  
  84  6:53  Protoss Ground Weapons Level 1 (Chrono Boost)  
  87  6:58  Probe (Chrono Boost), Stalker  
  87  6:59  Stalker  
  93  7:07  Probe (Chrono Boost)  
  95  7:08  Probe (Chrono Boost)  
  95  7:11  Probe (Chrono Boost)  
  95  7:12  Shield Battery  
  95  7:13  Probe (Chrono Boost)  
  95  7:14  Probe (Chrono Boost)  
  97  7:17  Assimilator  
  97  7:19  Probe  
  98  7:24  Probe, Gateway  
  98  7:25  Probe  
  98  7:26  Pylon  
  100  7:32  Photon Cannon  
  100  7:33  Observer  
  101  7:40  Nexus  
  101  7:41  Pylon  
  101  7:46  Stalker  
  101  7:47  Stalker x2  
  101  7:50  Photon Cannon  
  107  7:53  Probe x3  
  107  7:55  Charge  
  110  8:05  Probe x2  
  112  8:11  Gateway, Photon Cannon  
  112  8:12  Gateway, Shield Battery  
  112  8:19  Probe  
  113  8:20  Stalker x2  
  113  8:21  Stalker  
  113  8:24  Stalker  
  121  8:28  Pylon, Protoss Ground Weapons Level 2 (Chrono Boost)  
  121  8:39  Pylon  
  121  8:40  Gateway  
  121  8:41  Gateway  
  121  8:43  Probe  
  121  8:46  Assimilator  
  121  8:47  Pylon, Observer  
  123  8:51  Dark Shrine  
  123  9:06  Stalker x5  
  133  9:11  Photon Cannon, Shield Battery  
  131  9:25  Stalker  
  131  9:26  Nexus  
  131  9:29  Stalker x3  
  139  9:31  Pylon  
  139  9:36  Zealot  
  141  9:43  Stalker x3  
  147  9:58  Stalker x5  
  156  10:06  Dark Templar x2  
  160  10:08  Zealot  
  160  10:12  Probe  
  160  10:13  Probe  
  160  10:14  Gateway, Shield Battery  
  164  10:15  Probe, Gateway  
  163  10:22  Probe  
  163  10:26  Protoss Ground Weapons Level 3 (Chrono Boost)  
  162  10:29  Zealot x3  
  162  10:30  Zealot x2  
  162  10:32  Pylon  
  162  10:35  Pylon  
  172  10:39  Forge  
  150  10:57  Stalker x8  
  153  11:06  Observer  
  146  11:16  Zealot x2  
  142  11:18  Photon Cannon  
  142  11:19  Probe  
  142  11:22  Photon Cannon  
  139  11:26  Stalker x7  
  139  11:27  Photon Cannon  
  139  11:30  Observer (Chrono Boost)  
  139  11:31  Photon Cannon  
  142  11:57  Stalker x8  
  158  12:03  Observer (Chrono Boost)  
  158  12:04  Probe x2  
  158  12:06  Assimilator  
  158  12:07  Assimilator  
  158  12:08  Zealot x2  
  163  12:11  Photon Cannon  
  163  12:14  Photon Cannon  
  165  12:26  Zealot x2, Stalker x3  
  165  12:27  Zealot x3  
  181  12:30  Protoss Ground Armor Level 1 (Chrono Boost)  
  169  12:40  Zealot x2  
  172  12:47  Shadow Stride  
  172  12:51  Zealot x8  
  180  12:55  Gateway  
  180  12:58  Protoss Shields Level 1 (Chrono Boost), Gateway  
  188  13:02  Dark Templar x2  
  190  13:07  Nexus  
  190  13:10  Pylon  
  188  13:14  Zealot x6  
  183  13:25  Observer  
  160  13:28  Zealot x2  
  154  13:34  Stalker x3  
  154  13:35  Stalker x3  
  154  13:40  Shield Battery x2  
  164  13:42  Dark Templar, Shield Battery  
  164  13:43  Dark Templar  
  164  13:46  Observer (Chrono Boost)  
  168  13:54  Zealot x4  
  176  13:57  Probe x2  
  176  13:58  Shield Battery  
  176  14:00  Probe x2, Pylon  
  176  14:09  Dark Templar  
  145  14:10  Dark Templar x4  
  145  14:12  Stalker  
  131  14:40  Stalker x7  
  143  14:46  Zealot x2  
  143  14:47  Zealot x3  
  143  14:51  Nexus, Pylon  
  128  15:15  Stalker x5  
  128  15:16  Stalker x4  
  133  15:22  Zealot x3  
  122  15:38  Zealot  
  122  15:39  Zealot x5  
  126  15:44  Zealot x2, Observer  
  102  16:15  Stalker x8  
  114  16:33  Stalker x3  
  69  16:57  Dark Templar x2  
  71  17:03  Zealot  
  71  17:04  Zealot x3  
  73  17:09  Assimilator  
  73  17:16  Dark Templar  
  71  17:29  Zealot x3  
Tags
 
Add a new tag
Caveats
  • Supply blocks, unpowered buildings, or Contaminate may cause inaccurate times.
  • Supply counts are checked every 10 seconds.